 Dungeon Crawl Stone Soup version 0.28.0-45-g0d030f2227 (webtiles) character file.

Game seed: 9433244336365096966

12 NinjaNoafa the Magician (level 2, 0/22 HPs)
             Began as a Djinni Ice Elementalist on Apr 16, 2022.
             Slain by a kobold
             ... wielding a +0 short sword of holy wrath
              (4 damage)
             ... on level 1 of the Dungeon.
             The game lasted 00:01:27 (786 turns).

NinjaNoafa the Magician (Djinni Ice Elementalist)    Turns: 786, Time: 00:01:28

Health: 0/22       AC:  2    Str:  7    XL:     2   Next: 45%
Gold:   18         EV: 12    Int: 16    God:
                   SH:  0    Dex: 13

rFire   + + .      SeeInvis .   d - +0 whip
rCold   x . .      Faith    .   (no shield)
rNeg    . . .      Spirit   .   a - +0 robe
rPois   ∞          Reflect  .   (no helmet)
rElec   .          Harm     .   (no cloak)
rCorr   .          Rampage  .   (no gloves)
Will    .....                   (boots unavailable)
Stlth   ++........              (no amulet)
HPRegen 0.07/turn               (no ring)
MPRegen 0.00/turn               (no ring)

@: flying, very slightly contaminated
A: sickness immunity, fire resistance 2, cold vulnerability 1, float, innate
caster, HP casting, extra vitality 1
a: no special abilities


You were on level 1 of the Dungeon.
You visited 1 branch of the dungeon, and saw 1 of its levels.

You collected 18 gold pieces.

Inventory:

Hand Weapons
 d - a +0 whip (weapon)
Missiles
 e - 3 stones
Armour
 a - a +0 robe (worn)


   Skills:
 + Level 0.7 Fighting
 + Level 2.5 Dodging
 + Level 1.8 Stealth
 + Level 3.3 Spellcasting


You couldn't memorise any spells.
You knew the following spells:

 Your Spells              Type           Power      Damage    Failure   Level
a - Freeze                Ice            52%        1d7       4%          1
b - Frozen Ramparts       Ice            26%        1d4       14%         3
c - Ozocubu's Armour      Ice            13%        N/A       14%         3
d - Hailstorm             Conj/Ice       13%        3d5       41%         4
Your spell library was empty.

Dungeon Overview and Level Annotations

Branches:
Dungeon (1/15)

Altars:


Innate Abilities, Weirdness & Mutations

You are immune to sickness and miasma.
You are immune to poison.
Your flesh is very heat resistant. (rF++)
You are vulnerable to cold. (rC-)
You float through the air rather than walking.
You learn spells naturally, not from books.
Your magical power is your life essence.
You have superior vitality. (+4 MHP)


Message History

The ball python hisses angrily.
The bat hits you. The bat hits you but does no damage.
The endoplasm freezes you.
You are frozen.
You feel a terrible chill!
You hit the endoplasm.
You kill the endoplasm!
The bat hits you.
A rat comes into view.
The kobold misses you.
You hit the bat.
The bat is severely wounded.
The bat hits you. x2
* * * LOW HITPOINT WARNING * * *
The kobold hits you with a +0 short sword of holy wrath.
* * * LOW HITPOINT WARNING * * *
The bat barely misses you. The bat misses you.
Casting: Freeze (safe; 4% risk of failure)
Confirm with . or Enter, or press ? or * to list all spells.
Aiming: Freeze (safe; 4% risk of failure)
Press: ? - help, Shift-Dir - straight line, f - bat
Aim: a bat (severely wounded)
You freeze the bat.
You kill the bat!
The endoplasm quivers.
* * * LOW HITPOINT WARNING * * *
Casting: Freeze (safe; 4% risk of failure)
Confirm with . or Enter, or press ? or * to list all spells.
Aiming: Freeze (safe; 4% risk of failure)
Press: ? - help, Shift-Dir - straight line, f - kobold
Aim: a kobold, wielding a +0 short sword of holy wrath You miscast Freeze.
You are very lightly contaminated with residual magic.
Nothing appears to happen.
* * * LOW HITPOINT WARNING * * *
The kobold barely misses you.
You hit the kobold but do no damage. The ball python barely misses you.
The ball python misses you.
The kobold hits you with a +0 short sword of holy wrath.
You die...

....... ... ...# #.♣.## #
..... ..# ...# ♣#♣#.#.#
....#..###.# #+.# ##.#.#.#.
.........#.# #.#.##.♣.###.♣
....##.#.#.####.##.##.#.#.#.
.$.......r......†....#.....#
##......#...............#..
####...#SKJ##.###.#..####.
...###.@.'.........#####
...## #...##..##.#.......
..# #...###.##.#....... ..
#...# #.##.#....... #####
#..#.#....... ##.#.#.......
#.# #....#.. #.# #...###.
#.# #....#..


You could see an endoplasm, a ball python, a kobold and a rat.

Vanquished Creatures
  A dart slug (D:1)
  A bat (D:1)
  An endoplasm (D:1)
  2 goblins (D:1)
  2 hobgoblins (D:1)
  A frilled lizard (D:1)
  A kobold (D:1)
9 creatures vanquished.

Notes
Turn   | Place    | Note
-------+----------+-------------------------------------------
     0 | D:1      | NinjaNoafa the Djinni Ice Elementalist began the quest for
                  | the Orb.
     0 | D:1      | Reached XP level 1. HP: 15/15 MP: 0/0
   537 | D:1      | Reached XP level 2. HP: 18/22 MP: 0/0
   786 | D:1      | Slain by a kobold

Illustrated notes

Levels and vault maps discovered:
D:1:      minmay_arrival_five_plusses, layout_basic,
          dreamdust_ecumenical_altar_statues, serial_curves, eino_curves_01,
          eino_curves_02, eino_curves_03, eino_curves_03,
          grunt_decor_mini_mirrors

Action                   || total
-------------------------++-------
Melee: Whip              ||    13
 Cast: Freeze            ||    15
  Use: Scroll            ||     2
Armor: Robe              ||     7
Dodge: Dodged            ||    19
